cohdb
Replays
Latest Replays
All Replays
Popular Replays
Top Player Replays
Match Explorer
How It Works
Community
CoH3 Stats
Reddit
Sign in to upload your games and track your stats! →
Sign in with Steam
Match 40654475
Unlisted
Match 40654475
Overview
Messages
Build Orders
End
Panzergrenadier Squad
Panzergrenadier Squad
Panzergrenadier Squad
Construct Light Support Kompanie
2.5-tonne Medical Truck
Fire Support Elements
Forward Retreat Point
Pak 38 Mechanized Group
Panzergrenadier Squad
Construct Panzerarmee Kommand
Walking Stuka Rocket Launcher
Rapid Advance
Tungsten Core Ammunition
Advanced Optics
Armored Reserves
Selects Panzerjäger Kommand Battlegroup
Selects Tank Busters
Selects Crew Shock Tactics
Selects Anti-tank Overwatch
Anti-tank Overwatch
Anti-tank Overwatch
Tiger Heavy Tank
Selects Mine Fields
Selects Defensive Positions
Selects Butterfly Bomb Drop
Construct Mechanized Kompanie
18-tonne Recovery Half-track
Advanced Field Repairs
Anti-tank Overwatch
Emergency Repair Kits
Anti-tank Overwatch
Flak 36 Anti-tank Gun Team
Anti-tank Overwatch
Tiger Heavy Tank
Anti-tank Overwatch
18-tonne Recovery Half-track
Panzergrenadier Squad
Panzergrenadier Squad
Vehicle Survival Package
MuniekPL
Husar
catareck
MorrieBombastic
LowPrioWarrior
Satou the Deus Musco
0
0
Comments
sign in to comment!
No comments posted yet!